MWL (24 & UNDER)
CINCINNATI PRIDE @ MINNESOTA DEATH STARS
05/28/2023
 
TOP OF THE 1ST
Cincinnati Pride batting - Pitching for Minnesota Death Stars : LHP Keith Jennings
Pitching: LHP Keith Jennings
Batting: SHB Nick Marshall 0-0: Ball
1-0: Ball
2-0: Swinging Strike
2-1: Swinging Strike
2-2: Strikes out swinging
Batting: LHB Ricardo Brandariz 0-0: Ball
1-0: Called Strike
1-1: Ball
2-1: Ball
3-1: Base on Balls
Batting: RHB Fernando Díaz 0-0: Called Strike
0-1: Ball
1-1: SINGLE (Line Drive, 7S)
Ricardo Brandariz to second
Batting: LHB Robin Hill 0-0: Ball
1-0: Fly out, F7 (Flyball, 5DF)
Batting: RHB Francisco Rincón 0-0: Ball
1-0: Ball
2-0: Foul Ball, location: 2F
2-1: Called Strike
2-2: Ball
3-2: Base on Balls
Ricardo Brandariz to third
Fernando Díaz to second
Batting: RHB Peter Sexton 0-0: Ball
1-0: Fly out, F9 (Line Drive, 9M)
Top of the 1st over - 0 run(s), 1 hit(s), 0 error(s), 3 left on base; Cincinnati 0 - Minnesota 0
BOTTOM OF THE 1ST
Minnesota Death Stars batting - Pitching for Cincinnati Pride : RHP José Gómez
Pitching: RHP José Gómez
Batting: SHB Boys van der Lack 0-0: Called Strike
0-1: Called Strike
0-2: Ball
1-2: Ball
2-2: Ball
3-2: Foul Ball, location: 2F
3-2: Strikes out swinging
Batting: RHB Frédéric Poitras 0-0: Ball
1-0: Called Strike
1-1: Foul Ball, location: 2F
1-2: Ball
2-2: Ground out 5-3 (Groundball, 5S)
Batting: LHB Chris Loudermilk 0-0: Ball
1-0: Ball
2-0: Called Strike
2-1: Foul Ball, location: 2F
2-2: Foul Ball, location: 2F
2-2: Foul Ball, location: 2F
2-2: Ground out 4-3 (Groundball, 4M)
Bottom of the 1st over - 0 run(s), 0 hit(s), 0 error(s), 0 left on base; Cincinnati 0 - Minnesota 0
TOP OF THE 2ND
Cincinnati Pride batting - Pitching for Minnesota Death Stars : LHP Keith Jennings
Batting: RHB Leonardo Pinto 0-0: Called Strike
0-1: Ball
1-1: Ball
2-1: Foul Ball, location: 2F
2-2: Fly out, F8 (Popup, 6MD)
Batting: RHB Alden Isenhood 0-0: Foul Ball, location: 2F
0-1: Swinging Strike
0-2: Strikes out swinging
Batting: RHB Carl Byrd 0-0: Swinging Strike
0-1: Called Strike
0-2: Ball
1-2: Ball
2-2: Ball
3-2: Ground out 6-3 (Groundball, 6M)
Top of the 2nd over - 0 run(s), 0 hit(s), 0 error(s), 0 left on base; Cincinnati 0 - Minnesota 0
BOTTOM OF THE 2ND
Minnesota Death Stars batting - Pitching for Cincinnati Pride : RHP José Gómez
Batting: RHB Manny Clemente 0-0: Ball
1-0: Called Strike
1-1: Called Strike
1-2: Ball
2-2: Foul Ball, location: 2F
2-2: Strikes out swinging
Batting: RHB Herb Ashley 0-0: Swinging Strike
0-1: Foul Ball, location: 2F
0-2: Strikes out swinging
Batting: RHB John Brown 0-0: Called Strike
0-1: Ball
1-1: Fly out, F7 (Flyball, 7D)
Bottom of the 2nd over - 0 run(s), 0 hit(s), 0 error(s), 0 left on base; Cincinnati 0 - Minnesota 0
TOP OF THE 3RD
Cincinnati Pride batting - Pitching for Minnesota Death Stars : LHP Keith Jennings
Batting: SHB Nick Marshall 0-0: Ground out 5-3 (Groundball, 15S)
Batting: LHB Ricardo Brandariz 0-0: SINGLE (Flyball, 89M)
Batting: RHB Fernando Díaz 0-0: Called Strike
0-1: Swinging Strike
0-2: Ball
1-2: Ball
2-2: Ball
3-2: 2-RUN HOME RUN (Line Drive, 78XD), Distance : 398 ft
Batting: LHB Robin Hill 0-0: Ball
1-0: Called Strike
1-1: Ball
2-1: Called Strike
2-2: Ground out 4-3 (Groundball, 34)
Batting: RHB Francisco Rincón 0-0: Ball
1-0: Ball
2-0: Ball
3-0: Called Strike
3-1: Foul Ball, location: 2F
3-2: Foul Ball, location: 2F
3-2: Foul Ball, location: 2F
3-2: Base on Balls
Batting: RHB Peter Sexton 0-0: Ball
1-0: Ball
2-0: Called Strike
2-1: Ball
3-1: Foul Ball, location: 2F
3-2: Ground out 6-3 (Groundball, 6)
Top of the 3rd over - 2 run(s), 2 hit(s), 0 error(s), 1 left on base; Cincinnati 2 - Minnesota 0
BOTTOM OF THE 3RD
Minnesota Death Stars batting - Pitching for Cincinnati Pride : RHP José Gómez
Batting: RHB Peter Dixon 0-0: Swinging Strike
0-1: Ball
1-1: Ground out 4-3 (Groundball, 4)
Batting: RHB Chet Decker 0-0: Foul Ball, location: 2F
0-1: Ball
1-1: Swinging Strike
1-2: Foul Ball, location: 2F
1-2: Ball
2-2: SOLO HOME RUN (Flyball, 7D), Distance : 391 ft
Batting: RHB Marcos Valdés 0-0: Swinging Strike
0-1: Foul Ball, location: 2F
0-2: SINGLE (Line Drive, 4D)
Batting: SHB Boys van der Lack 0-0: Ball
1-0: Ball
2-0: Grounds into double play, 4-6-3 (Groundball, 4)
Bottom of the 3rd over - 1 run(s), 2 hit(s), 0 error(s), 0 left on base; Cincinnati 2 - Minnesota 1
TOP OF THE 4TH
Cincinnati Pride batting - Pitching for Minnesota Death Stars : LHP Keith Jennings
Batting: RHB Leonardo Pinto 0-0: SINGLE (Line Drive, 7LS)
Batting: RHB Alden Isenhood 0-0: Ball
1-0: Called Strike
1-1: Ball
2-1: Called Strike
2-2: Ball
3-2: DOUBLE (Line Drive, 7M)
Leonardo Pinto to third
Batting: RHB Carl Byrd 0-0: Ball
1-0: Swinging Strike
1-1: Ball
2-1: Foul Ball, location: 2F
2-2: Strikes out looking
Pitching: RHP Jacob Christian
Batting: SHB Nick Marshall 0-0: Called Strike
0-1: Foul Ball, location: 2F
0-2: Strikes out swinging
Batting: LHB Ricardo Brandariz 0-0: Ball
1-0: Foul Ball, location: 2F
1-1: Ground out 6-3 (Groundball, 6)
Top of the 4th over - 0 run(s), 2 hit(s), 0 error(s), 2 left on base; Cincinnati 2 - Minnesota 1
BOTTOM OF THE 4TH
Minnesota Death Stars batting - Pitching for Cincinnati Pride : RHP José Gómez
Batting: RHB Frédéric Poitras 0-0: Ball
1-0: Foul Ball, location: 2F
1-1: Called Strike
1-2: Ball
2-2: Ball
3-2: Ground out 5-3 (Groundball, 56S)
Batting: LHB Chris Loudermilk 0-0: Ball
1-0: SINGLE (Groundball, 34D)
Batting: RHB Manny Clemente 0-0: Fly out, F8 (Flyball, 8RM)
Batting: RHB Herb Ashley 0-0: Called Strike
Chris Loudermilk steals 2nd base
0-1: Ground out 6-3 (Groundball, 6M)
Bottom of the 4th over - 0 run(s), 1 hit(s), 0 error(s), 1 left on base; Cincinnati 2 - Minnesota 1
TOP OF THE 5TH
Cincinnati Pride batting - Pitching for Minnesota Death Stars : RHP Jacob Christian
Batting: RHB Fernando Díaz 0-0: Ball
1-0: Foul Ball, location: 2F
1-1: Swinging Strike
1-2: Foul Ball, location: 2F
1-2: Strikes out swinging
Batting: LHB Robin Hill 0-0: Ball
1-0: Ball
2-0: Called Strike
2-1: SINGLE (Line Drive, 89M)
Batting: RHB Francisco Rincón 0-0: Called Strike
Robin Hill steals 2nd base
0-1: Foul Ball, location: 2F
0-2: Ball
1-2: Foul Ball, location: 2F
1-2: Fly out, F8 (Flyball, 8RS)
Batting: RHB Peter Sexton 0-0: Swinging Strike
0-1: Ball
1-1: Foul Ball, location: 2F
1-2: Fly out, F3 (Popup, 3F)
Top of the 5th over - 0 run(s), 1 hit(s), 0 error(s), 1 left on base; Cincinnati 2 - Minnesota 1
BOTTOM OF THE 5TH
Minnesota Death Stars batting - Pitching for Cincinnati Pride : RHP José Gómez
Batting: RHB John Brown 0-0: SOLO HOME RUN (Flyball, 7D), Distance : 380 ft
Batting: RHB Peter Dixon 0-0: Ball
1-0: Ball
2-0: Foul Ball, location: 2F
2-1: Bunt missed!
2-2: Strikes out swinging
Batting: RHB Chet Decker 0-0: Called Strike
0-1: Ball
1-1: Called Strike
1-2: Strikes out looking
Batting: RHB Marcos Valdés 0-0: Ball
1-0: Fly out, F8 (Flyball, 8RM)
Bottom of the 5th over - 1 run(s), 1 hit(s), 0 error(s), 0 left on base; Cincinnati 2 - Minnesota 2
TOP OF THE 6TH
Cincinnati Pride batting - Pitching for Minnesota Death Stars : RHP Jacob Christian
Batting: RHB Leonardo Pinto 0-0: Ball
1-0: Called Strike
1-1: Called Strike
1-2: Ball
2-2: Strikes out swinging
Batting: RHB Alden Isenhood 0-0: Called Strike
0-1: Ball
1-1: Fly out, F9 (Popup, 34D)
Batting: RHB Carl Byrd 0-0: Foul Ball, location: 2F
0-1: Fly out, F3 (Popup, 3S)
Top of the 6th over - 0 run(s), 0 hit(s), 0 error(s), 0 left on base; Cincinnati 2 - Minnesota 2
BOTTOM OF THE 6TH
Minnesota Death Stars batting - Pitching for Cincinnati Pride : RHP José Gómez
Batting: SHB Boys van der Lack 0-0: Ground out 3-1 (Groundball, 34)
Batting: RHB Frédéric Poitras 0-0: Ball
1-0: Ball
2-0: Called Strike
2-1: Foul Ball, location: 2F
2-2: Ball
3-2: Strikes out swinging
Batting: LHB Chris Loudermilk 0-0: Swinging Strike
0-1: Foul Ball, location: 2F
0-2: Ball
1-2: Strikes out swinging
Bottom of the 6th over - 0 run(s), 0 hit(s), 0 error(s), 0 left on base; Cincinnati 2 - Minnesota 2
TOP OF THE 7TH
Cincinnati Pride batting - Pitching for Minnesota Death Stars : RHP Jacob Christian
Batting: SHB Nick Marshall 0-0: Ball
1-0: Ball
2-0: Fly out, F5 (Popup, 6)
Batting: LHB Ricardo Brandariz 0-0: Called Strike
0-1: Ball
1-1: SINGLE (Line Drive, 8LS)
Batting: RHB Fernando Díaz 0-0: Called Strike
0-1: Ball
1-1: Ball
2-1: Foul Ball, location: 2F
2-2: Ball
3-2: SINGLE (Line Drive, 7S)
Ricardo Brandariz to second
Batting: LHB Robin Hill 0-0: Called Strike
Ricardo Brandariz is caught stealing 3rd base
Fernando Díaz to second
0-1: Ball
1-1: Foul Ball, location: 2F
1-2: Reached on Error, E6 (Popup, 6MD)
Fernando Díaz to third
Batting: RHB Francisco Rincón 0-0: Ball
1-0: SINGLE (Line Drive, 6M)
Fernando Díaz scores
Robin Hill to second
Runner from 2nd tries for 3rd, SAFE, no throw or cutoff
Pinch Hitting: RHB Jonas Uttley 0-0: Foul Ball, location: 2F
0-1: TRIPLE (Flyball, 89M)
Robin Hill scores
Francisco Rincón scores
Pitching: RHP Travis Whitney
Batting: RHB Leonardo Pinto 0-0: Called Strike
0-1: DOUBLE (Line Drive, 8LM)
Jonas Uttley scores
Batting: RHB Alden Isenhood 0-0: Called Strike
0-1: Ball
1-1: Ground out 5-3 (Groundball, 5S)
Top of the 7th over - 4 run(s), 5 hit(s), 1 error(s), 1 left on base; Cincinnati 6 - Minnesota 2
BOTTOM OF THE 7TH
Minnesota Death Stars batting - Pitching for Cincinnati Pride : RHP José Gómez
Now at SS: Geoffrey Joyner
Batting: RHB Manny Clemente 0-0: Ball
1-0: Ball
2-0: Called Strike
2-1: Swinging Strike
2-2: Foul Ball, location: 2F
2-2: Foul Ball, location: 2F
2-2: Ground out 5-3 (Groundball, 5)
Pitching: RHP Tomás Pagán
Batting: RHB Herb Ashley 0-0: Ball
1-0: Foul Ball, location: 2F
1-1: Ball
2-1: Foul Ball, location: 2F
2-2: Ball
3-2: Foul Ball, location: 2F
3-2: Foul Ball, location: 2F
3-2: Fly out, F9 (Flyball, 89M)
Batting: RHB John Brown 0-0: Called Strike
0-1: Swinging Strike
0-2: Foul Ball, location: 2F
0-2: Strikes out swinging
Bottom of the 7th over - 0 run(s), 0 hit(s), 0 error(s), 0 left on base; Cincinnati 6 - Minnesota 2
TOP OF THE 8TH
Cincinnati Pride batting - Pitching for Minnesota Death Stars : RHP Travis Whitney
Batting: RHB Carl Byrd 0-0: Foul Ball, location: 2F
0-1: Swinging Strike
0-2: Ball
1-2: Ball
2-2: Reached on error, E5 (Groundball, 56)
Batting: SHB Nick Marshall 0-0: Called Strike
0-1: Ball
1-1: Swinging Strike
1-2: Foul Ball, location: 2F
1-2: Foul Ball, location: 2F
1-2: Strikes out looking
Batting: LHB Ricardo Brandariz 0-0: Called Strike
0-1: Swinging Strike
0-2: Ball
1-2: DOUBLE (Line Drive, 89XD)
Carl Byrd to third
Runner from 3rd tries for Home, SAFE, no throw or cutoff
Batting: RHB Fernando Díaz 0-0: SINGLE (Line Drive, 7S)
Ricardo Brandariz to third
Runner from 3rd tries for Home, SAFE, no throw or cutoff
Batting: LHB Robin Hill 0-0: Ball
1-0: DOUBLE (Flyball, 89XD)
Fernando Díaz to third
Batting: RHB Francisco Rincón 0-0: Called Strike
0-1: Foul Ball, location: 2F
0-2: SINGLE (Groundball, 34D)
Fernando Díaz scores
Robin Hill to third
Runner from 3rd tries for Home, SAFE, no throw or cutoff
Batting: RHB Geoffrey Joyner 0-0: Swinging Strike
0-1: Ball
1-1: Swinging Strike
1-2: Ground out 4-3 (Groundball, 4M)
Francisco Rincón to second
Pitching: RHP Ángel Uribe
Batting: RHB Leonardo Pinto 0-0: Ball
1-0: SINGLE (Line Drive, 56)
Francisco Rincón to third
Batting: RHB Alden Isenhood 0-0: Ball
1-0: Ball
2-0: Called Strike
2-1: Ball
3-1: Called Strike
3-2: Strikes out swinging
Top of the 8th over - 4 run(s), 5 hit(s), 1 error(s), 2 left on base; Cincinnati 10 - Minnesota 2
BOTTOM OF THE 8TH
Minnesota Death Stars batting - Pitching for Cincinnati Pride : RHP Tomás Pagán
Batting: RHB Peter Dixon 0-0: Ball
1-0: Bunt for hit - play at first, batter OUT! 1-3
Batting: RHB Chet Decker 0-0: Called Strike
0-1: Foul Ball, location: 2F
0-2: Foul Ball, location: 2F
0-2: Ball
1-2: Strikes out looking
Batting: RHB Marcos Valdés 0-0: Called Strike
0-1: Foul Ball, location: 2F
0-2: Ball
1-2: Fly out, F5 (Line Drive, 5)
Bottom of the 8th over - 0 run(s), 0 hit(s), 0 error(s), 0 left on base; Cincinnati 10 - Minnesota 2
TOP OF THE 9TH
Cincinnati Pride batting - Pitching for Minnesota Death Stars : RHP Ángel Uribe
Batting: RHB Carl Byrd 0-0: Called Strike
0-1: Ball
1-1: Ball
2-1: Foul Ball, location: 2F
2-2: Strikes out swinging
Batting: SHB Nick Marshall 0-0: Called Strike
0-1: Foul Ball, location: 2F
0-2: SOLO HOME RUN (Flyball, 9D), Distance : 378 ft
Batting: LHB Ricardo Brandariz 0-0: Ball
1-0: Ball
2-0: Ball
3-0: Called Strike
3-1: Swinging Strike
3-2: Foul Ball, location: 2F
3-2: Foul Ball, location: 2F
3-2: Ground out 2-3 (Groundball, 2R)
Batting: RHB Fernando Díaz 0-0: Ball
1-0: Ball
2-0: Ball
3-0: Called Strike
3-1: Base on Balls
Batting: LHB Robin Hill 0-0: Called Strike
0-1: Called Strike
0-2: Ball
1-2: Fly out, F4 (Popup, 34)
Top of the 9th over - 1 run(s), 1 hit(s), 0 error(s), 1 left on base; Cincinnati 11 - Minnesota 2
BOTTOM OF THE 9TH
Minnesota Death Stars batting - Pitching for Cincinnati Pride : RHP Tomás Pagán
Batting: SHB Boys van der Lack 0-0: Called Strike
0-1: Foul Ball, location: 2F
0-2: Foul Ball, location: 2F
0-2: Ball
1-2: Foul Ball, location: 2F
1-2: Strikes out swinging
Batting: RHB Frédéric Poitras 0-0: Ball
1-0: Ball
2-0: Called Strike
2-1: Fly out, F8 (Flyball, 8LXD)
Batting: LHB Chris Loudermilk 0-0: Called Strike
0-1: Foul Ball, location: 2F
0-2: Ball
1-2: Fly out, F8 (Line Drive, 8RM)
Bottom of the 9th over - 0 run(s), 0 hit(s), 0 error(s), 0 left on base; Cincinnati 11 - Minnesota 2
This league is powered by Out of the Park Baseball, the baseball management simulation game for PC, Mac and Linux
Wednesday, December 2nd, 2015 - OOTP Baseball 16.8 Build 38